 Dungeon Crawl Stone Soup version 0.28-a0-1212-gc6b4282bc0 (webtiles) character file.

Game seed: 11984073049678385035

47 ChaosChampion the Ruffian (level 3, 0/28 HPs)
             Began as a Draconian Transmuter on Dec 21, 2021.
             Slain by an adder (4 damage)
             ... on level 2 of the Dungeon.
             The game lasted 00:01:23 (1495 turns).

ChaosChampion the Ruffian (Draconian Transmuter)    Turns: 1495, Time: 00:01:24

Health: 0/28       AC: 10    Str: 12    XL:     3   Next: 48%
Magic:  4/6        EV: 12    Int: 15    God:
Gold:   53         SH:  0    Dex: 11    Spells: 3/6 levels left

rFire   . . .      SeeInvis +     - Unarmed
rCold   . . .      Faith    .   (no shield)
rNeg    . . .      Spirit   .   (armour unavailable)
rPois   .          Reflect  .   (helmet currently unavailable)
rElec   .          Harm     .   b - +0 cloak
rCorr   .          Rampage  .   (no gloves)
Will    .....                   (boots currently unavailable)
Stlth   +.........              (no amulet)
HPRegen 0.09/turn               e - +4 ring of protection
MPRegen 0.10/turn               l - ring of see invisible

@: appendages, wereblooded
A: horns 2, talons 2, AC +5, unfitting armour, cold-blooded
a: End Transformation


You were on level 2 of the Dungeon.
You had temporarily grown beastly horns and talons.
You visited 1 branch of the dungeon, and saw 2 of its levels.

You collected 53 gold pieces.

Inventory:

Armour
 b - a +0 cloak (worn)
Jewellery
 e - a +4 ring of protection (left hand)
 j - a ring of poison resistance
 l - a ring of see invisible (right hand)
Scrolls
 c - 2 scrolls of enchant armour {unknown}
 d - 2 scrolls of teleportation {unknown}
 f - a scroll of brand weapon {unknown}
 h - a scroll of identify {unknown}
 i - a scroll of holy word {unknown}
Potions
 a - 3 potions of curing {unknown}
 g - a potion of invisibility {unknown}
 k - a potion of mutation {unknown}


   Skills:
 - Level 1.1 Fighting
 - Level 1.7 Dodging
 * Level 4.1 Unarmed Combat
 - Level 2.0 Spellcasting
 + Level 2.7 Transmutations


You had 3 spell levels left.
You knew the following spells:

 Your Spells              Type           Power      Damage    Failure   Level
a - Beastly Appendage     Tmut           18%        N/A       8%          1
b - Wereblood             Tmut           9%         N/A       11%         2

Your spell library contained the following spells:

 Spells                   Type           Power      Damage    Failure   Level
 Spider Form              Tmut/Pois      5%         N/A       36%         3
 Ice Form                 Ice/Tmut       5%         N/A       77%         4


Dungeon Overview and Level Annotations

Branches:
Dungeon (2/15)

Altars:

Shops:
D:1 (

Annotations:
D:2 Sigmund


Innate Abilities, Weirdness & Mutations

You have temporarily grown beastly horns and talons.
Your plain brown scales are hard. (AC +5)
You cannot fit into any form of body armour.
You are cold-blooded and may be slowed by cold attacks.


Message History

Sigmund points at you and mumbles some strange words.
The puff of flame hits you.
Casting: Beastly Appendage (safe; 8% risk of failure)
Confirm with . or Enter, or press ? or * to list all spells.
Your blood is infused with primal strength.
Sigmund hits you from afar with a +0 scythe!
Found a viscous white potion and a dark potion.
There is an open door here.
You hit Sigmund but do no damage. You claw Sigmund. You headbutt Sigmund.
Sigmund is lightly wounded.
An adder comes into view.
Sigmund points at you and mumbles some strange words.
You resist with significant effort.
You closely miss Sigmund. Your kick misses Sigmund.
Sigmund is lightly wounded.
Sigmund hits you but does no damage.
You hit Sigmund. You headbutt Sigmund.
Sigmund is moderately wounded.
You hit Sigmund. You claw Sigmund.
Sigmund is heavily wounded.
Sigmund says, "Now you see me, now you don't..."
Sigmund barely misses you.
You hit Sigmund.
Sigmund is severely wounded.
An endoplasm comes into view.
Sigmund barely misses you.
The endoplasm quivers.
You hit Sigmund but do no damage. You claw Sigmund.
Sigmund is severely wounded.
You hit Sigmund. You punch Sigmund, but do no damage.
Sigmund is almost dead.
The adder misses you. Sigmund hits you with a +0 scythe!
* * * LOW HITPOINT WARNING * * *
You are too injured to fight recklessly!
You hit Sigmund.
You tail-slap Sigmund, but do no damage.
Your punch misses Sigmund.
Sigmund is almost dead.
The adder bites you but does no damage. The adder bites you.
You die...

#.######...# #######
#.#........# .......
#.#.####...#
.......######.#.##.#...#
.......+......#....#...#
.......######....#.#.#.#
....... #....'...#..
!.....@######....#.###..
...J..S@....'....#.#.#..
.?.....######....#...#.#
#####.! ########.#.# #..
...........# #..
#########.### #..
#....<...<... +..
#.###.####### ##.
#.........# #.#.#####.#


You could see Sigmund, an adder and an endoplasm.

Vanquished Creatures
  2 adders (D:2)
  2 ball pythons (D:1)
  2 bats (D:1)
  3 endoplasms (D:1)
  4 giant cockroaches
  4 goblins
  A hobgoblin (D:2)
  2 jackals (D:1)
  A frilled lizard (D:2)
  3 kobolds (D:1)
  2 rats (D:1)
26 creatures vanquished.

Notes
Turn   | Place    | Note
-------+----------+-------------------------------------------
     0 | D:1      | ChaosChampion the Draconian Transmuter began the quest for
                  | the Orb.
     0 | D:1      | Reached XP level 1. HP: 16/16 MP: 3/3
     6 | D:1      | Noticed a black bear
     6 | D:1      | Noticed a water moccasin
     7 | D:1      | Noticed a redback
     7 | D:1      | Noticed a snapping turtle
   322 | D:1      | Reached XP level 2. HP: 15/23 MP: 5/5
   872 | D:1      | Found Afucaque's Weapon Shoppe.
  1232 | D:2      | Reached skill level 4 in Unarmed Combat
  1232 | D:2      | Reached XP level 3. HP: 28/28 MP: 4/6
  1432 | D:2      | Learned a level 2 spell: Wereblood
  1484 | D:2      | Noticed Sigmund
  1495 | D:2      | Slain by an adder

Illustrated notes

Levels and vault maps discovered:
D:1:      onia_arrival_zoo_common, layout_rooms, serial_shops,
          nicolae_shop_advertising_works [nicolae_subvault_shop_adworks]
D:2:      layout_basic, shapermc_ecumenical_altar_notcrosses, nrook_uturn,
          uniq_sigmund

Skill      XL: |  1  2 |
---------------+-------+-----
Unarmed Combat | 4 |  4.1
Fighting       | |  1.1
Dodging        | |  1.7
Spellcasting   | |  2.0
Transmutations | |  2.7

Action                   || total
-------------------------++-------
Melee: Unarmed           ||   109
       Kick              ||    13
       Tailslap          ||    12
       Headbutt          ||     5
       Punch             ||     1
 Cast: Beastly Appendage ||    13
       Wereblood         ||     1
 Stab: Sleeping          ||     1
Armor: Skin              ||    49
Dodge: Dodged            ||    71

Table legend: (Time is in decaauts)
 A = Elapsed time spent in this place.
 B = Non-inter-level travel time spent in this place.
 C = Inter-level travel time spent in this place.
 D = Time resting spent in this place.
 E = Time spent auto-exploring this place.
 F = Levels seen in this place.
 G = Mean time per level.
                   A        B        C        D        E       F      G
               +--------+--------+--------+--------+--------+-----+--------+
         Total |   1487 |   1469 |     18 |      0 |   1251 |   2 |  743.5 |
       Dungeon |   1487 |   1469 |     18 |      0 |   1251 |   2 |  743.5 |
               +--------+--------+--------+--------+--------+-----+--------+

Top non-repeatable levels by time:
     D:1: 1104 daAuts
     D:2: 383 daAuts
